 Dungeon Crawl Stone Soup version 0.30.1-1-g62c8e00024 (webtiles) character file.

Game seed: 3256080415114412142

52 3MM3RICH the Chopper (level 3, -3/45 HPs)
             Began as a Minotaur Gladiator on July 16, 2023.
             Slain by a gnoll
             ... wielding a +1 heavy halberd
              (8 damage)
             ... on level 2 of the Dungeon.
             The game lasted 00:01:35 (646 turns).

3MM3RICH the Chopper (Minotaur Gladiator)            Turns: 646, Time: 00:01:36

Health: -3/45      AC: 21    Str: 20    XL:     3   Next: 60%
Magic:  2/2        EV:  2    Int:  5    God:
Gold:   47         SH:  0    Dex: 11    Spells: 2/2 levels left

rFire   . . .        a - +0 war axe
rCold   . . .        (no shield)
rNeg    . . .        f - melded +0 ring mail
rPois   +            c - melded +0 hat
rElec   .            (cloak currently unavailable)
rCorr   .            (gloves currently unavailable)
SInv    .            (boots currently unavailable)
Will    .....        (no amulet)
Stlth   +            (no ring)
HPRegen 0.27/turn    (no ring)
MPRegen 0.08/turn

%: no passive effects
@: tree-form
A: stationary, stasis, torment immunity, boosted hp, (horns 2), (retaliatory
headbutt)
a: no special abilities


You were on level 2 of the Dungeon.
You were a tree.
You visited 1 branch of the dungeon, and saw 2 of its levels.

You collected 47 gold pieces.

Inventory:

Hand Weapons
 a - a +0 war axe (weapon)
Missiles
 d - 3 throwing nets (quivered)
 e - a javelin
Armour
 c - a +0 hat (melded)
 f - a +0 ring mail (melded)
Scrolls
 h - a scroll of brand weapon {unknown}
Potions
 b - a potion of berserk rage {unknown}
 g - a potion of lignification
 i - a potion of might {unknown}


   Skills:
 - Level 2.4 Fighting
 + Level 5.6 Axes
 - Level 2.0 Throwing
 - Level 3.2 Dodging


You had 2 spell levels left.
You didn't know any spells.
Your spell library contained the following spells:

 Spells                   Type           Power      Damage    Failure   Level
 Ensorcelled Hibernation  Hex/Ice        0%         N/A       63%         2
 Passwall                 Tmut/Erth      0%         N/A       63%         2
 Swiftness                Air            0%         N/A       85%         3


Dungeon Overview and Level Annotations

Branches:
Dungeon (2/15)

Altars:

Annotations:
D:2 Robin


Innate Abilities, Weirdness & Mutations

You are a tree.
Your roots penetrate the ground, keeping you stationary.
You cannot be teleported.
You are immune to unholy pain and torment.
Your maximum health is greatly increased.
Your equipment is partially melded.
((You have a pair of horns on your head.))
((You reflexively headbutt those who attack you in melee.))


Message History

* * * LOW HITPOINT WARNING * * *
The ball python bites you but does no damage.
The ball python constricts you.
You closely miss the gnoll.
The gnoll is moderately wounded.
You closely miss the ball python. You slash the gnoll!
You kill the gnoll!
The gnoll hits you but does no damage.
The ball python bites you but does no damage.
The ball python constricts you. The gnoll hits you but does no damage.
You hit the gnoll.
The gnoll is severely wounded.
You barely miss the ball python. You hit the gnoll.
The ball python bites you but does no damage.
The ball python constricts you.
The gnoll hits you but does no damage. x2
The ball python bites you but does no damage.
The ball python constricts you.
The gnoll hits you from afar with a +1 heavy halberd.
* * * LOW HITPOINT WARNING * * *
The gnoll hits you but does no damage. x2
You hit the gnoll.
You kill the gnoll!
You barely miss the ball python. You closely miss the gnoll.
The ball python bites you but does no damage.
The ball python constricts you. The gnoll hits you with a +0 whip.
* * * LOW HITPOINT WARNING * * *
You hit the gnoll but do no damage.
The gnoll is severely wounded.
You hit the ball python.
You kill the ball python!
You hit the giant cockroach.
The giant cockroach bites you but does no damage.
The gnoll hits you but does no damage. x2
The giant cockroach bites you but does no damage.
You hit the gnoll.
You kill the gnoll!
You closely miss the quokka. You barely miss the giant cockroach.
An adder comes into view.
The gnoll hits you from afar with a +1 heavy halberd!
You die...

#......# .## #......# ######...
###......# #.......# # .
........####.......#.# .
...#.........#.........# #g
......##.........>....... #.g
.......<.......$.....# #.#####.gg
....####....#.....#..###........#
. #.)..###.♣B# .....)..gg.#
........##.r)g......g.g....#
..##.......g#......S..g.<...# ..
#.....#...........![......# #
#.......##................#
...##..## .##......S.......
.....?.# .. .#............ ... ..
.............. .##...##....


You could see a gnoll, an adder (wandering), a quokka, a giant cockroach and a
goblin.

Vanquished Creatures
  3 gnolls (D:2)
  A dart slug (D:1)
  5 ball pythons
  3 endoplasms
  A giant cockroach (D:1)
  6 goblins (D:1)
  A hobgoblin (D:1)
  3 kobolds
  A quokka (D:1)
  2 bats (D:1)
  2 frilled lizards (D:1)
  A rat (D:1)
29 creatures vanquished.

Notes
Turn   | Place    | Note
-------+----------+-------------------------------------------
     0 | D:1      | 3MM3RICH the Minotaur Gladiator began the quest for the
                  | Orb.
     0 | D:1      | Reached XP level 1. HP: 18/18 MP: 0/0
    56 | D:1      | Reached skill level 4 in Axes
   147 | D:1      | Reached XP level 2. HP: 25/25 MP: 1/1
   475 | D:1      | Reached skill level 5 in Axes
   596 | D:2      | Noticed Robin
   600 | D:1      | Reached XP level 3. HP: 30/30 MP: 2/2
   646 | D:2      | Slain by a gnoll

Illustrated notes

Levels and vault maps discovered:
D:1:      saegor_arrival_simple_a, layout_basic, hangedman_decor_points,
          hangedman_decor_push
D:2:      layout_rooms, uniq_sigmund, uniq_robin

Skill      XL: |  1  2 |
---------------+-------+-----
Axes           | 4 5 |  5.6
Fighting       | |  2.4
Throwing       | |  2.0
Dodging        | |  3.2

Action                     || total
---------------------------++-------
  Melee: War axe           ||    59
         Headbutt          ||     3
    Use: Potion            ||     1
 Armour: Ring mail         ||    20
         Leather armour    ||     1
         Skin              ||    21
  Dodge: Dodged            ||    26
